 Dungeon Crawl Stone Soup version 0.31.0-9-g3a7656b989 (webtiles) character file.

Game seed: 1966760389331551084

67 qw the Shooter (level 3, -2/18 HPs)
             Began as a Spriggan Hunter on Feb 2, 2024.
             Frozen to death by an endoplasm (5 damage)
             ... on level 2 of the Dungeon.
             The game lasted 00:00:04 (1028 turns).

qw the Shooter (Spriggan Hunter)                    Turns: 1028, Time: 00:00:04

Health: -2/18      AC:  2    Str:  7    XL:     3   Next: 98%
Magic:  4/4        EV: 19    Int: 10    God:
Gold:   26         SH:  0    Dex: 20    Spells: 2/2 levels left

rFire   . . .        a - +0 shortbow
rCold   . . .        (shield currently unavailable)
rNeg    . . .        c - +0 robe
rPois   .            (helmet restricted)
rElec   .            (no cloak)
rCorr   .            (gloves unavailable)
SInv    +            (boots unavailable)
Will    .....        (no amulet)
Stlth   ++           (no ring)
HPRegen 0.23/turn    (no ring)
MPRegen 0.09/turn

%: no passive effects
@: very quick
A: very small, no large weapons, unfitting armour, see invisible, speed 3
a: no special abilities


You were on level 2 of the Dungeon.
You visited 1 branch of the dungeon, and saw 2 of its levels.

You collected 26 gold pieces.


Innate Abilities, Weirdness & Mutations

You are very small and have problems with some larger weapons.
You are too small for most types of armour.
You have supernaturally acute eyesight. (SInv)
You cover ground extremely quickly. (Speed+++)


   Skills:
 - Level 1.5 Fighting
 - Level 5.0 Ranged Weapons
 + Level 4.2 Dodging
 - Level 1.5 Stealth


You had 2 spell levels left.
You didn't know any spells.
Your spell library was empty.

Inventory:

Hand Weapons
 a - a +0 shortbow (weapon)
Armour
 c - a +0 robe (worn)
Potions
 e - a potion of brilliance {unknown}
 g - a potion of resistance {unknown}
 h - a potion of degeneration {unknown}

Dungeon Overview and Level Annotations

Branches:
Dungeon (2/15)

Altars:


Message History

1007 ||| FLEEEEING.
There is a stone staircase leading up here.
1008 ||| STAIRDANCE You climb upwards.
There is a stone staircase leading down here.
You start resting.
HP restored.
You climb downwards.
The endoplasm freezes you.
You are frozen.
The quokka closely misses you. The endoplasm completely misses you.
There is a stone staircase leading up here.
You shoot an arrow. The arrow hits the quokka.
The quokka is heavily wounded.
The quokka bites you. The endoplasm hits you. The quokka completely misses you.
You shoot an arrow. The arrow hits the quokka.
The quokka is severely wounded.
The quokka completely misses you. The endoplasm closely misses you.
You shoot an arrow. The arrow closely misses the quokka.
The quokka misses you. The endoplasm freezes you.
You are frozen.
The quokka misses you.
You shoot an arrow.
The arrow hits the quokka but does no damage.
The quokka is severely wounded.
The endoplasm closely misses you. The quokka bites you.
You shoot an arrow. The arrow hits the quokka!
You kill the quokka!
The endoplasm misses you. The endoplasm freezes you.
You are frozen.
You shoot an arrow. The arrow hits the endoplasm.
The endoplasm is moderately wounded.
The endoplasm freezes you.
You are frozen.
You shoot an arrow. The arrow hits the endoplasm.
The endoplasm is heavily wounded.
The endoplasm freezes you.
You are frozen.
You die...

.. .. #. #.#..
### #.. ##....
....
#..##>...##....
...(.........
.....#...
#..#.#
#.##..@.#
#....J..#
#..#..%.## #
#......
....#....#
........P...
#..8..!.......#
#.............#
#...... ...####


You could see an endoplasm.

Vanquished Creatures
  2 gnolls (D:1)
  An endoplasm (D:1)
  2 giant cockroaches (D:1)
  3 goblins (D:1)
  4 hobgoblins
  12 jackals (D:1)
  4 kobolds (D:1)
  3 quokkas
  2 ball pythons (D:1)
  A ball python zombie (D:2)
  4 bats (D:1)
  A frilled lizard (D:1)
  A quokka skeleton (D:2)
  2 rats (D:1)
42 creatures vanquished.

Notes
Turn   | Place    | Note
-------+----------+-------------------------------------------
     0 | D:1      | qw the Spriggan Hunter began the quest for the Orb.
     0 | D:1      | Reached XP level 1. HP: 10/10 MP: 2/2
     0 | D:1      | 0 ||| qw: Version: 0.3-a-155-g5e7d8dd
     0 | D:1      | 0 ||| qw: Game counter: 1426
     0 | D:1      | 0 ||| qw: Melee chars always use a shield: true
     0 | D:1      | 0 ||| qw: God list: Okawaru
     0 | D:1      | 0 ||| qw: Allow faded altars: false
     0 | D:1      | 0 ||| qw: Do Orc after clearing Dungeon:15 true
     0 | D:1      | 0 ||| qw: Do second Lair branch before Depths: true
     0 | D:1      | 0 ||| qw: Lair rune preference: random
     0 | D:1      | 0 ||| qw: Goals: Normal
     0 | D:1      | 0 ||| PLANNING D:1-11
    13 | D:1      | Reached skill level 3 in Dodging
    96 | D:1      | Reached XP level 2. HP: 14/14 MP: 3/3
   227 | D:1      | 227 ||| RETREEEEATING.
   244 | D:1      | Reached XP level 3. HP: 18/18 MP: 4/4
   542 | D:1      | Reached skill level 5 in Ranged Weapons
   944 | D:1      | 944 ||| READING scroll labelled AMUQ VOHEVINU.
   945 | D:1      | 945 ||| READING scroll labelled CIV DULYON.
   946 | D:1      | 946 ||| READING scroll labelled ZEREES UKUXOZ.
   947 | D:1      | 947 ||| READING scroll labelled CEIDWE BOAPPAUGI.
   947 | D:1      | 947 ||| ENCHANTING +0 shortbow.
   948 | D:1      | 948 ||| DROPPING scroll of butterflies.
  1007 | D:2      | 1007 ||| FLEEEEING.
  1008 | D:2      | 1008 ||| STAIRDANCE
  1027 | D:2      | HP: 3/18 [frozen (5)]
  1028 | D:2      | Frozen to death by an endoplasm

Levels and vault maps discovered:
D:1:      minmay_arrival_four_circles, layout_basic, minmay_misc_feat_rows,
          minivault_4, hangedman_feature_mirror, serial_bayou_ford_a,
          chequers_serial_rivers_large_a
D:2:      layout_basic, serial_undead, serial_undead_c, serial_undead_e,
          serial_undead_d, serial_undead_e, amcnicky_mini_rare_corridor_liquid,
          minmay_quadrilaterals

Skill      XL: |  1  2  3 |
---------------+----------+-----
Dodging        | 3 4 |  4.2
Ranged Weapons | 5 |  5.0
Fighting       | |  1.5
Stealth        | |  1.5

Action                     || total
---------------------------++-------
   Fire: Shortbow          ||   115
    Use: Scroll            ||     4
 Armour: Robe              ||    10
  Dodge: Dodged            ||    65

Table legend:
 A = Non-vault XP
 B = Vault XP
 C = Vault XP percentage of total XP
 D = Non-vault monster count
 E = Vault monster count
 F = Vault count percentage of total count
                 A         B        C        D         E       F
            +---------+---------+-------+---------+---------+-------
      Total |      94 |       2 |   2.1 |      40 |       2 |   4.8
            +---------+---------+-------+---------+---------+-------
        D:1 |      90 |       0 |   0.0 |      38 |       0 |   0.0
        D:2 |       4 |       2 |  33.3 |       2 |       2 |  50.0
            +---------+---------+-------+---------+---------+-------
